Map: Frozen Temple

Players

capac - Winner!

  • Race: Terran Terran
  • League: Gold

ParaDoX

  • Race: Protoss Protoss
  • League: Gold

VOD

Have the link to the VOD?

Description

Time

  • Played on: April 30, 2016, 8:40 a.m.
  • Length: 10:12
Show
View Real Time Build Order
Export as new Build Order

capac Terran - Winner!

Build Orders: Reaper Expand, MMM Bio 

Get SALT Encoding   

  12  0:00  SCV  
  13  0:12  SCV  
  14  0:18  Supply Depot  
  14  0:26  SCV  
  15  0:40  SCV  
  15  0:42  Barracks  
  16  0:47  Refinery  
  16  0:52  SCV  
  17  1:04  SCV  
  18  1:23  SCV  
  19  1:34  Reaper  
  19  1:35  Orbital Command  
  20  1:47  Command Center  
  20  1:56  Supply Depot  
  20  2:02  SCV  
  21  2:10  Factory  
  21  2:11  Marine  
  22  2:15  SCV  
  23  2:27  Barracks, SCV  
  24  2:40  Refinery  
  24  2:42  Engineering Bay, Marine  
  25  2:50  SCV  
  26  2:56  Factory Tech Lab  
  26  2:57  Starport  
  26  3:08  SCV x2  
  28  3:12  Missile Turret  
  28  3:14  Missile Turret  
  28  3:17  Marine x2  
  30  3:37  Medivac  
  32  3:46  Marine x2  
  34  3:57  SCV  
  36  4:05  Barracks Tech Lab  
  36  4:06  Orbital Command  
  35  4:13  Barracks  
  35  4:15  Barracks  
  35  4:17  Starport Reactor  
  35  4:18  Siege Tank  
  38  4:39  Marine  
  38  4:42  SCV x2  
  41  4:46  Barracks Tech Lab  
  41  4:54  SCV x2  
  43  5:03  Barracks Reactor  
  43  5:04  Barracks Reactor  
  43  5:06  Stimpack  
  43  5:12  SCV x2  
  43  5:13  Marine  
  46  5:14  Marine  
  46  5:15  Refinery  
  46  5:36  Supply Depot  
  46  5:38  Supply Depot  
  46  5:39  Marine x2, Siege Tank  
  46  5:41  SCV x2  
  53  5:53  SCV  
  53  5:54  SCV  
  53  5:57  Medivac  
  53  5:58  Marine x4  
  53  5:59  Marine x2  
  61  6:05  SCV  
  61  6:07  Refinery  
  61  6:09  SCV  
  63  6:14  Supply Depot  
  63  6:17  SCV  
  64  6:22  Medivac  
  64  6:24  SCV  
  64  6:25  Marine  
  68  6:47  Missile Turret  
  67  7:07  SCV x2  
  69  7:18  Missile Turret  
  69  7:25  Marine x3  
  69  7:26  Marauder, Marine x2  
  76  7:38  Liberator x2  
  76  7:43  Marine x2  
  78  7:54  Supply Depot  
  78  7:55  Marine x2  
  78  7:56  Supply Depot  
  78  7:57  Command Center  
  86  8:05  Barracks x3  
  86  8:15  Marine x4, Siege Tank  
  86  8:18  Marauder  
  94  8:28  Supply Depot  
  94  8:29  Supply Depot  
  94  8:31  Combat Shields  
  94  8:34  Marauder  
  96  8:39  Marauder  
  98  8:44  SCV x2  
  100  8:54  Barracks Reactor x2  
  100  8:55  Barracks Reactor  
  100  8:56  SCV  
  101  9:04  Supply Depot  
  101  9:11  Starport  
  101  9:13  Starport  
  81  9:39  Marine  
  81  9:40  Marine x5  
  81  9:41  Marine  
  81  9:42  Marine x4  
  81  9:44  Orbital Command  
Show
View Real Time Build Order
Export as new Build Order

ParaDoX Protoss 

Build Orders: Oracle Opening 

Get SALT Encoding   

  12  0:03  Probe (Chrono Boost)  
  13  0:16  Pylon  
  13  0:26  Probe (Chrono Boost)  
  14  0:30  Assimilator  
  14  0:38  Probe (Chrono Boost)  
  15  0:43  Gateway  
  15  0:52  Probe (Chrono Boost)  
  16  1:03  Probe (Chrono Boost)  
  17  1:13  Probe (Chrono Boost)  
  17  1:15  Pylon  
  18  1:24  Probe (Chrono Boost)  
  18  1:30  Cybernetics Core  
  18  1:31  Zealot  
  20  1:34  Probe (Chrono Boost)  
  21  1:42  Assimilator  
  21  1:45  Probe (Chrono Boost)  
  22  1:54  Forge  
  22  1:57  Probe (Chrono Boost)  
  23  2:07  Probe (Chrono Boost)  
  24  2:16  Stargate  
  24  2:25  Warp Gate (Chrono Boost)  
  24  2:28  Photon Cannon  
  24  2:38  Zealot  
  26  2:48  Probe (Chrono Boost)  
  26  2:51  Gateway  
  28  2:58  Probe (Chrono Boost)  
  27  3:08  Photon Cannon  
  27  3:11  Oracle (Chrono Boost)  
  30  3:31  Pylon  
  30  3:49  Zealot, Stalker  
  30  3:51  Probe  
  35  3:56  Gateway  
  35  4:01  Oracle  
  38  4:15  Twilight Council  
  38  4:16  Pylon  
  38  4:29  Probe  
  36  4:41  Probe  
  37  4:51  Nexus  
  37  4:56  Probe  
  37  4:59  Adept  
  40  5:08  Probe  
  41  5:23  Charge (Chrono Boost)  
  41  5:26  Phoenix  
  43  5:31  Probe  
  44  5:35  Pylon  
  44  5:43  Mothership Core  
  44  6:01  Zealot  
  44  6:02  Zealot x2  
  44  6:03  Probe  
  50  6:04  Probe  
  52  6:28  Probe  
  52  6:30  Probe  
  52  6:31  Stalker x3  
  60  6:34  Protoss Ground Weapons Level 1  
  60  6:37  Gateway  
  60  6:55  Stalker x3  
  60  7:01  Phoenix  
  68  7:05  Probe  
  68  7:06  Probe  
  70  7:09  Pylon  
  70  7:13  Assimilator  
  70  7:20  Resonating Glaives (Chrono Boost)  
  70  7:25  Probe  
  70  7:27  Adept  
  70  7:28  Adept x2  
  77  7:50  Zealot x2  
  78  7:57  Robotics Facility  
  78  8:00  Pylon  
  78  8:01  Pylon  
  78  8:02  Pylon  
  78  8:04  Photon Cannon  
  76  8:21  Phoenix  
  78  8:35  Stalker x3  
  78  8:36  Zealot  
  86  8:46  Phoenix  
  88  8:57  Stalker  
  88  9:00  Gateway x2  
  90  9:03  Probe  
  90  9:05  Probe  
  93  9:17  Probe  
  55  9:38  Zealot x4  
  55  10:03  Zealot  
  55  10:04  Zealot x3  
Tags
 
Add a new tag
Caveats
  • Supply blocks, unpowered buildings, or Contaminate may cause inaccurate times.
  • Supply counts are checked every 10 seconds.